 Dungeon Crawl Stone Soup version 0.29-a0-824-gd827844252 (webtiles) character file.

Game seed: 7556219901749240647

2141 buhh the Insei (level 9, 0/62 HPs)
             Began as an Octopode Transmuter on July 9, 2022.
             Was an Initiate of Cheibriados.
             Slain by a gnoll bouda
             ... wielding a +0 club
              (9 damage)
             ... on level 7 of the Dungeon.
             The game lasted 00:05:55 (7574 turns).

buhh the Insei (Octopode Transmuter)                Turns: 7574, Time: 00:05:56

Health: 0/62       AC:  2    Str: 11    XL:     9   Next: 30%
Magic:  10/12      EV: 23    Int: 20    God:    Cheibriados [......]
Gold:   366        SH:  0    Dex: 18    Spells: 6/12 levels left

rFire   . . .      SeeInvis +     - Unarmed
rCold   . . .      Faith    .   (shield currently unavailable)
rNeg    . . .      Spirit   .   (helmet currently unavailable)
rPois   .          Reflect  .   (no amulet)
rElec   .          Harm     .   i - ring of poison resistance
rCorr   .          Rampage  .   l - ring of see invisible
Will    .....                   (no ring)
Stlth   ++........              (no ring)
HPRegen 0.20/turn               (no ring)
MPRegen 0.13/turn               (no ring)
                                (no ring)
                                (no ring)

@: about to teleport, spider-form, very slow
A: venomous fangs, almost no armour, (amphibious), 8 rings, tiny, (camouflage
1), (gelatinous body 1), (nimble swimmer 1), (tentacles)
a: End Transformation, Renounce Religion


You were on level 7 of the Dungeon.
You worshipped Cheibriados.
Cheibriados was noncommittal.
You were a venomous arachnid creature.
You visited 2 branches of the dungeon, and saw 8 of its levels.

You collected 366 gold pieces.

Inventory:

Missiles
 y - a throwing net
Magical Staves
 e - a staff of fire
Jewellery
 i - a ring of poison resistance (left front leg)
 l - a ring of see invisible (right front leg)
 p - a ring of fire
 s - a ring of flight
Scrolls
 c - 8 scrolls of identify {!d}
 d - 3 scrolls of poison {unknown}
 j - 3 scrolls of vulnerability
 k - 2 scrolls of immolation {!d}
 n - 2 scrolls of noise {unknown}
 o - a scroll of teleportation {!d}
 q - a scroll of enchant armour
 t - a scroll of enchant weapon {unknown}
 u - 2 scrolls of magic mapping {unknown}
 v - 2 scrolls of fog {unknown}
Potions
 a - 3 potions of haste {unknown}
 b - a potion of resistance {unknown}
 f - a potion of mutation {unknown}
 g - a potion of heal wounds {unknown}
 h - 3 potions of degeneration {unknown}
 m - a potion of brilliance {unknown}
 r - a potion of attraction {unknown}
 w - a potion of might {unknown}
 x - a potion of curing {unknown}


   Skills:
 - Level 6.0 Fighting
 - Level 6.0 Dodging
 - Level 2.0 Stealth
 - Level 6.0 Unarmed Combat
 - Level 2.0 Spellcasting
 - Level 5.0 Transmutations
 * Level 4.6 Ice Magic
 - Level 1.0 Poison Magic


You had 6 spell levels left.
You knew the following spells:

 Your Spells              Type           Power      Damage    Failure   Level
a - Beastly Appendage     Tmut           44%        N/A       8%          1
b - Wereblood             Tmut           22%        N/A       11%         2
c - Spider Form           Tmut/Pois      14%        N/A       32%         3

Your spell library contained the following spells:

 Spells                   Type           Power      Damage    Failure   Level
 Apportation              Tloc           4%         N/A       34%         1
 Necrotise                Necr           8%         1d4       34%         1
 Summon Small Mammal      Summ           8%         N/A       34%         1
 Ice Form                 Ice/Tmut       21%        N/A       43%         4
 Petrify                  Tmut/Erth      12%        N/A       71%         4
 Metabolic Englaciation   Hex/Ice        5%         N/A       95%         5
 Statue Form              Tmut/Erth      8%         N/A       100%        6


Dungeon Overview and Level Annotations

Branches:
Dungeon (7/15) Zot: 33446  Temple (1/1) D:6 Zot: 8764

Altars:
Cheibriados
Dithmenos
Elyvilon
Fedhas
Gozag
Kikubaaqudgha
Nemelex Xobeh
Qazlal
Trog
Uskayaw
Wu Jian
Xom
Yredelemnul
Zin

Annotations:
D:3 1 runed translucent door, Tollund's ghost, amateur GnCA


Innate Abilities, Weirdness & Mutations

You are a venomous arachnid creature.
You have poisonous fangs.
You are tiny and dextrous.
Your spellcasting is less reliable in this form.
Your armour is entirely melded.
You are incapable of wielding weapons or throwing items.
You cannot wear most types of armour.
((You are amphibious.))
You can wear up to eight rings at the same time.
((Your skin changes colour to match your surroundings (Stealth+).))
((Your rubbery body absorbs attacks. (AC +1, EV +1)))
((You are camouflaged when in or above water. (Stealth+)))
((You have tentacles for arms and can constrict up to eight enemies at once.))


Message History

The gnoll bouda prays to its god.
The gnoll bouda is healed somewhat.
You hit the gnoll bouda.
The gnoll bouda looks as sick as possible!
The gnoll bouda is severely wounded.
The gnoll misses you. The gnoll completely misses you.
The gnoll hits you with a +0 flail.
The gnoll hits you from afar with a +0 spear.
The gnoll bouda misses you.
You are too injured to fight recklessly!
You are too injured to fight recklessly!
You are too injured to fight recklessly!
You are too injured to fight recklessly!
You are too injured to fight recklessly!
You are too injured to fight recklessly!
You are too injured to fight recklessly!
You are too injured to fight recklessly!
You are too injured to fight recklessly!
You are too injured to fight recklessly!
You are too injured to fight recklessly!
You are too injured to fight recklessly!
You are too injured to fight recklessly!
You are too injured to fight recklessly!
You are too injured to fight recklessly!
You are too injured to fight recklessly!
You are too injured to fight recklessly!
You are too injured to fight recklessly!
You barely miss the gnoll bouda.
The gnoll bouda is severely wounded.
The gnoll completely misses you. x2; The gnoll closely misses you.
The gnoll hits you from afar with a +0 spear!
The gnoll bouda barely misses you.
As you read the scroll of teleportation {!d}, it crumbles to dust.
You feel strangely unstable.
The gnoll hits you from afar with a +0 spear!
* * * LOW HITPOINT WARNING * * *
The gnoll completely misses you. The gnoll hits you with a +0 flail.
* * * LOW HITPOINT WARNING * * *
The gnoll bouda hits you with a +0 club!
You die...

########
#......#
#.####.#
#.#<)..#
#.######
#.#....g.#
#....gs#.#
######g#
..(...g)g.#
###.....#.#
#.##.##.# #
#. # #. #.
#.


You could see a gnoll bouda (extremely poisoned) and 4 gnolls.

Vanquished Creatures
  Grinder (D:3)
  An orc warrior (D:6)
  Pargi (D:3)
  2 black bears
  3 ogres
  A centaur (D:5)
  2 kobold brigands (D:6)
  A phantom (D:6)
  2 bullfrogs (D:6)
  A necrophage (D:7)
  4 scorpions
  A jelly (D:6)
  A gnoll bouda (D:5)
  2 orc priests
  2 iguanas
  Natasha (twice) (D:3)
  4 orc wizards
  4 gnolls
  10 adders
  A river rat (D:5)
  3 white imps
  2 ufetubi
  5 worms
  2 dart slugs
  11 orcs
  9 ball pythons
  2 endoplasms
  4 giant cockroaches
  4 goblins
  10 hobgoblins
  2 jackals (D:1)
  4 quokkas
  2 bats (D:1)
  2 frilled lizards (D:1)
  9 kobolds
  12 rats
129 creatures vanquished.

Notes
Turn   | Place    | Note
-------+----------+-------------------------------------------
     0 | D:1      | buhh the Octopode Transmuter began the quest for the Orb.
     0 | D:1      | Reached XP level 1. HP: 13/13 MP: 3/3
    52 | D:1      | Reached XP level 2. HP: 12/18 MP: 5/5
   163 | D:1      | Found a faded altar of an unknown god.
   561 | D:2      | Learned a level 2 spell: Wereblood
   681 | D:2      | Reached XP level 3. HP: 23/23 MP: 4/6
  1355 | D:3      | Reached XP level 4. HP: 29/29 MP: 5/7
  1507 | D:3      | You fall into a shaft and drop 3 floors!
  1508 | D:6      | Noticed an ogre
  1574 | D:6      | Noticed a black bear
  1597 | D:7      | Killed an ogre
  1598 | D:7      | Reached XP level 5. HP: 15/35 MP: 8/8
  1848 | D:6      | Learned a level 3 spell: Spider Form
  1858 | D:6      | Killed a black bear
  1859 | D:6      | Reached XP level 6. HP: 31/42 MP: 6/9
  2028 | D:5      | Entered Level 5 of the Dungeon
  2358 | D:5      | Found a sparkling altar of Nemelex Xobeh.
  2875 | D:4      | Noticed a black bear
  2882 | D:4      | Killed a black bear
  2883 | D:4      | Reached skill level 5 in Unarmed Combat
  2883 | D:4      | Reached XP level 7. HP: 41/48 MP: 5/10
  4157 | D:3      | Noticed Natasha
  4166 | D:3      | Killed Natasha
  4216 | D:3      | Noticed Pargi
  4226 | D:3      | Killed Pargi
  4227 | D:3      | Reached skill level 5 in Dodging
  4335 | D:3      | Noticed Tollund's ghost (amateur GnCA)
  4336 | D:3      | Found a runed translucent door.
  4339 | D:3      | Reached XP level 8. HP: 54/54 MP: 9/11
  4353 | D:3      | Noticed Grinder
  4370 | D:3      | Killed Grinder
  4371 | D:3      | Reached skill level 5 in Fighting
  4525 | D:3      | Noticed Natasha
  4533 | D:3      | Killed Natasha
  5659 | D:5      | Found a glowing silver altar of Zin.
  5665 | D:5      | Found an opulent altar of Gozag.
  5668 | D:5      | Found a white marble altar of Elyvilon.
  5670 | D:5      | Found a shadowy altar of Dithmenos.
  5675 | D:5      | Found an ornate altar of the Wu Jian Council.
  6189 | D:6      | Identified the +3 spear "Mud Pie of Death" {vorpal, Drain
                  | Str+8}
  6391 | D:6      | Found a staircase to the Ecumenical Temple.
  6399 | D:6      | Reached skill level 5 in Transmutations
  6399 | D:6      | Reached XP level 9. HP: 33/62 MP: 9/12
  6608 | Temple   | Entered the Ecumenical Temple
  6754 | Temple   | Became a worshipper of Cheibriados the Contemplative
  7574 | D:7      | Slain by a gnoll bouda

Illustrated notes

Levels and vault maps discovered:
D:1:      dpeg_arrival_brainrot, layout_basic,
          ebering_ecumenical_altar_abandoned, minmay_domino_4
D:2:      layout_basic, serial_forest, infiniplex_forest_straight_2,
          infiniplex_forest_lined_3, infiniplex_forest_clump_curved,
          infiniplex_forest_end_1, infiniplex_forest_end_1
D:3:      layout_basic, hellmonk_ghost_happy_afterlife,
          amcnicky_mini_rare_corridor_liquid, uniq_natasha, uniq_grinder,
          uniq_pargi
D:4:      black_bear_nest_1, layout_loops_ring, kennysheep_orc_chapel
D:5:      layout_rooms, nicolae_overflow_hallway_of_the_gods,
          gup_sewer_entry_bubbles
D:6:      layout_basic, minmay_temple_entry_slanted, minmay_unpleasant_kobolds
D:7:      layout_basic, lightli_bailey_entry_fortress, uniq_maggie,
          uniq_menkaure
Temple:   regret_index_temple_sphere_string

Skill      XL: |  1  2  3  4  5  6  7  8  9 |
---------------+----------------------------+-----
Stealth        | 1 2 |  2.0
Poison Magic   | 1 |  1.0
Fighting       | 2 3 4 6 |  6.0
Dodging        | 3 4 5 6 |  6.0
Unarmed Combat | 4 5 6 |  6.0
Transmutations | 5 |  5.0
Ice Magic      | 1 4 |  4.6
Spellcasting   | |  2.0

Action                   |  1- 3 |  4- 6 |  7- 9 || total
-------------------------+-------+-------+-------++-------
Melee: Unarmed           |    75 |    56 |   242 ||   373
       Constrict         |    25 |    11 |    23 ||    59
       Tentacles         |    12 |     5 |    17 ||    34
       Punch             |     2 |     1 |     6 ||     9
       Kick              |    14 |    11 |    24 ||    49
 Cast: Beastly Appendage |    17 |    15 |    29 ||    61
       Spider Form       |       |     3 |    15 ||    18
       Wereblood         |       |       |     3 ||     3
  Use: Potion            |       |     1 |     1 ||     2
       Scroll            |       |     5 |     4 ||     9
 Stab: Sleeping          |     8 |     4 |    12 ||    24
Armor: Skin              |     4 |     3 |    16 ||    23
Dodge: Dodged            |    43 |    40 |   202 ||   285

Table legend: (Time is in decaauts)
 A = Elapsed time spent in this place.
 B = Non-inter-level travel time spent in this place.
 C = Inter-level travel time spent in this place.
 D = Time resting spent in this place.
 E = Time spent auto-exploring this place.
 F = Levels seen in this place.
 G = Mean time per level.
                   A        B        C        D        E       F      G
               +--------+--------+--------+--------+--------+-----+--------+
         Total |   7666 |   7398 |    268 |    189 |   6139 |   8 |  958.2 |
       Dungeon |   7503 |   7275 |    228 |    189 |   6025 |   7 | 1071.9 |
        Temple |    163 |    123 |     40 |      0 |    114 |   1 |  163.0 |
               +--------+--------+--------+--------+--------+-----+--------+

Top non-repeatable levels by time:
     D:5: 1742 daAuts
     D:6: 1689 daAuts
     D:4: 1565 daAuts
     D:3: 935 daAuts
     D:2: 902 daAuts
     D:1: 382 daAuts
     D:7: 285 daAuts
  Temple: 163 daAuts
